 Dungeon Crawl Stone Soup version 0.20.1-1-g8b1a95d (webtiles) character file.

1707 Folque the Conjurer (level 9, -2/57 HPs)
             Began as an Octopode Wizard on Dec 8, 2017.
             Slain by Grinder (3 damage)
             ... on level 6 of the Dungeon.
             The game lasted 00:28:51 (6825 turns).

Folque the Conjurer (Octopode Wizard)               Turns: 6825, Time: 00:28:52

Health: -2/57      AC:  4    Str:  6    XL:     9   Next: 3%
Magic:  10/16      EV: 14    Int: 23    God:
Gold:   194        SH:  0    Dex: 11    Spells: 9/17 levels left

rFire    + . .     SeeInvis .   K - +5 dire flail (holy)
rCold    . . .     Gourm    .   (shield currently unavailable)
rNeg     . . .     Faith    .   a - +0 hat
rPois    .         Spirit   .   (no amulet)
rElec    .         Reflect  .   y - ring of protection from fire
rCorr    .         Harm     .   r - ring of stealth
MR       .....                  A - ring of flight
Stlth    +++++.....             I - +3 ring of protection
Regen    0.2/turn               (no ring)
MPRegen  0.2/turn               (no ring)
                                (no ring)
                                (no ring)

@: lethally poisoned (-2 -> -7)
A: almost no armour, stealthy swim, amphibious, 8 rings, constrict 8, camouflage
1, gelatinous body 1
a: Evoke Flight


You were on level 6 of the Dungeon.
You were not hungry.

You visited 1 branch of the dungeon, and saw 6 of its levels.

You collected 194 gold pieces.

Inventory:

Hand Weapons
 c - a +1 hand axe of chopping
 g - a +0 club
 j - a +0 dagger
 l - a +0 short sword
 K - a +5 dire flail of holy wrath (weapon)
 L - a +0 glaive
Missiles
 d - a throwing net (quivered)
 z - 2 tomahawks
Armour
 a - a +0 hat (worn)
Jewellery
 r - a ring of stealth (right tentacle)
 y - a ring of protection from fire (left tentacle)
 A - a ring of flight (on tentacle)
 E - an uncursed ring of positive energy {unknown}
 I - a +3 ring of protection (on tentacle)
Wands
 G - a wand of acid (8/15)
Scrolls
 h - a scroll of amnesia
 o - a scroll of magic mapping
 p - 2 scrolls of teleportation {unknown}
 q - a scroll of noise {unknown}
 s - 2 scrolls of identify
 t - 2 scrolls of fear
 x - 2 scrolls of enchant armour {unknown}
 H - a scroll of fog {unknown}
 J - a scroll of holy word {unknown}
 M - a scroll of remove curse
Potions
 e - 4 potions of invisibility
 f - 2 potions of ambrosia
 k - a potion of berserk rage {unknown}
 m - 2 potions of flight
 n - a potion of curing {unknown}
 u - 2 potions of magic {unknown}
 v - a potion of heal wounds
 B - a potion of might {unknown}
 C - a potion of brilliance {unknown}
Books
 b - a book of Minor Magic

   Spells                             Type                      Level
   a - Magic Dart                     Conjuration                  1
   b - Blink                          Translocation                2
   c - Call Imp                       Summoning                    2
   d - Slow                           Hexes                        2
   e - Conjure Flame                  Conjuration/Fire             3
   f - Mephitic Cloud                 Conjuration/Poison/Air       3
Comestibles
 i - 3 bread rations
 w - a royal jelly
 D - 5 fruits
 F - 3 meat rations


   Skills:
 - Level 3.2 Fighting
 - Level 4.0 Dodging
 - Level 5.0 Stealth
 + Level 4.6 Spellcasting
 * Level 7.8 Conjurations
 - Level 2.0 Summonings
 - Level 1.6 Translocations
 - Level 3.0 Poison Magic


You had 9 spell levels left.
You knew the following spells:

 Your Spells              Type           Power        Failure   Level  Hunger
a - Magic Dart            Conj           ####         1%          1    None
b - Call Imp              Summ           ##......     6%          2    None
c - Blink                 Tloc           N/A          8%          2    None
d - Mephitic Cloud        Conj/Pois/Air  ###.....     7%          3    ##.....


Dungeon Overview and Level Annotations

Branches:
Dungeon (6/15)
 Temple: D:4-7

Altars:
Nemelex Xobeh
Okawaru
Qazlal
Ru
Trog

Shops:
D:6 :*:

Annotations:
D:6 Grinder


Innate Abilities, Weirdness & Mutations

You cannot wear most types of armour.
You are very stealthy in the water. (Stealth+)
You are amphibious.
You can wear up to eight rings at the same time.
You can use your tentacles to constrict eight enemies at once.
Your skin changes colour to match your surroundings (Stealth+).
Your rubbery body absorbs attacks. (AC +1, EV +1)


Message History

You feel sick. Grinder misses you.
You feel much better.
You feel sick. Grinder gestures at you. Pain shoots through your body!
You barely miss Grinder. You grab Grinder.
Grinder is severely wounded.
You constrict Grinder, but do no damage.
You feel sick.
Grinder says, "I used to sell toenails on the black market."
Grinder barely misses you.
You hit Grinder.
Grinder convulses.
Grinder is almost dead.
You constrict Grinder. Grinder hits you!
* * * LOW HITPOINT WARNING * * *
You writhe in agony.
* * * LOW HITPOINT WARNING * * *
Grinder hits you!
* * * LOW HITPOINT WARNING * * *
You writhe in agony.
You die...

#### ######## ###...
## #......# #.... ..#
#.####.# #..# ..
#.#....#######>.#.#..#
#.#.##.........@...#
#.#.##.#######5#####
#......# #...
###[###### #####
#......########
######........#
#........# #>.......#
##........#


You could see Grinder.

Vanquished Creatures
  Edmund (D:6)
  Menkaure (D:4)
  Duvessa (D:5)
  2 phantoms (D:4)
  3 ogres (D:4)
  2 bullfrogs (D:6)
  4 scorpions
  Dowan (D:5)
  2 howler monkeys
  A centaur zombie (D:5)
  2 crimson imps (D:5)
  2 orc priests
  A centaur skeleton (D:6)
  2 hounds
  Jessica (D:4)
  An iguana (D:5)
  3 orc wizards
  A worker ant (D:4)
  5 gnolls (D:3)
  5 adders
  An ooze (D:6)
  2 adder skeletons
  3 worms
  3 dart slugs (D:2)
  4 leopard geckos
  11 orcs
  2 ball pythons
  2 bat skeletons (D:2)
  A bat zombie (D:2)
  3 giant cockroaches
  3 hobgoblins
  2 jackals
  2 quokkas
  A ball python skeleton (D:4)
  9 bats
  7 frilled lizards
  6 goblins
  10 kobolds
  4 rats
117 creatures vanquished.

Vanquished Creatures (collateral kills)
  The ghost of MagicOnly the Insei, an amateur OpTm (D:3)
  A hound (D:4)
  An adder (D:2)
  2 gnolls (D:3)
  2 worms (D:2)
  3 jackals (D:3)
  A kobold (D:2)
11 creatures vanquished.

Vanquished Creatures (others)
  An iguana (D:5)
1 creature vanquished.

Grand Total: 129 creatures vanquished

Notes
Turn   | Place    | Note
-------+----------+-------------------------------------------
     0 | D:1      | Folque the Octopode Wizard began the quest for the Orb.
     0 | D:1      | Reached XP level 1. HP: 11/11 MP: 4/4
    89 | D:1      | Reached skill level 1 in Fighting
   212 | D:1      | Reached XP level 2. HP: 18/18 MP: 6/6
   765 | D:1      | Reached XP level 3. HP: 11/24 MP: 4/7
   769 | D:1      | Learned a level 2 spell: Call Imp
   772 | D:1      | Learned a level 2 spell: Blink
   776 | D:1      | Learned a level 3 spell: Mephitic Cloud
  1301 | D:2      | Reached skill level 1 in Poison Magic
  1466 | D:2      | Reached skill level 2 in Conjurations
  1466 | D:2      | Reached XP level 4. HP: 29/29 MP: 9/9
  2294 | D:3      | Reached XP level 5. HP: 26/34 MP: 6/10
  2554 | D:3      | Found a stormy altar of Qazlal.
  2810 | D:3      | Noticed MagicOnly's ghost (amateur OpTm)
  3021 | D:3      | Killed MagicOnly's ghost
  3021 | D:3      | Reached XP level 6. HP: 39/39 MP: 3/12
  3098 | D:3      | Reached skill level 3 in Conjurations
  3116 | D:3      | Found an iron altar of Okawaru.
  3279 | D:4      | Noticed Menkaure
  3303 | D:4      | Killed Menkaure
  3385 | D:4      | Noticed a phantom
  3426 | D:4      | Killed a phantom
  3898 | D:4      | Noticed a phantom
  3938 | D:4      | Reached skill level 5 in Stealth
  3938 | D:4      | Reached XP level 7. HP: 45/45 MP: 1/13
  4054 | D:4      | Reached skill level 4 in Conjurations
  4345 | D:4      | Found a sacrificial altar of Ru.
  4614 | D:4      | Found a sparkling altar of Nemelex Xobeh.
  4630 | D:4      | Found a sparkling altar of Nemelex Xobeh.
  4630 | D:4      | Noticed Jessica
  4636 | D:4      | Killed Jessica
  4701 | D:4      | Reached skill level 5 in Conjurations
  4826 | D:4      | Reached XP level 8. HP: 48/52 MP: 14/14
  5022 | D:5      | Entered Level 5 of the Dungeon
  5027 | D:5      | Noticed Duvessa
  5027 | D:5      | Noticed Dowan
  5059 | D:5      | Killed Dowan
  5321 | D:5      | Killed Duvessa
  5321 | D:5      | Reached skill level 6 in Conjurations
  5870 | D:5      | Found a bloodstained altar of Trog.
  6347 | D:6      | Reached skill level 7 in Conjurations
  6379 | D:6      | Found Hicwular's Book Shoppe.
  6729 | D:6      | Found Plog's Assorted Antiques.
  6748 | D:6      | Found Zeggoq's Book Shoppe.
  6766 | D:6      | Noticed Edmund
  6786 | D:6      | Killed Edmund
  6786 | D:6      | Reached XP level 9. HP: 31/57 MP: 7/15
  6820 | D:6      | Noticed Grinder
  6825 | D:6      | HP: 1/57 [Grinder (7)]
  6825 | D:6      | Slain by Grinder

Skill      XL: |  1  2  3  4  5  6  7  8 |
---------------+-------------------------+-----
Fighting       | 1 2 3 |  3.2
Poison Magic   | 1 2 3 |  3.0
Conjurations   | 2 3 5 7 |  7.8
Stealth        | 3 5 |  5.0
Spellcasting   | 4 |  4.6
Summonings     | 2 |  2.0
Dodging        | 4 |  4.0
Translocations | |  1.6

Action                   |  1- 3 |  4- 6 |  7- 9 || total
-------------------------+-------+-------+-------++-------
Melee: Unarmed           |    23 |       |       ||    23
       Dagger            |    55 |    21 |       ||    76
       Constrict         |    13 |    26 |    43 ||    82
       Club              |     1 |       |       ||     1
       Tentacles         |     4 |    12 |    31 ||    47
       Short sword       |       |    65 |    20 ||    85
       Hand axe          |       |       |   138 ||   138
       Dire flail        |       |       |     7 ||     7
Throw: Throwing net      |       |       |     2 ||     2
 Cast: Magic Dart        |    24 |    58 |    42 ||   124
       Call Imp          |     3 |    25 |     9 ||    37
       Mephitic Cloud    |       |     8 |    17 ||    25
       Blink             |       |       |     6 ||     6
  Use: Scroll            |     3 |     2 |     7 ||    12
       Potion            |       |       |     1 ||     1
 Stab: Sleeping          |    10 |     1 |     5 ||    16
       Confused          |       |       |    10 ||    10
       Distracted        |       |       |     1 ||     1
  Eat: Chunk             |     2 |     7 |     8 ||    17
       Bread ration      |       |     1 |       ||     1
Armor: Skin              |     5 |     7 |     4 ||    16
Dodge: Dodged            |    49 |    58 |    89 ||   196
